 Dungeon Crawl Stone Soup version 0.21.1-1-g345015f (webtiles) character file.

35730 Goblin1989 the Dancer (level 13, -5/103 HPs)
             Began as a Demonspawn Enchanter on Mar 28, 2018.
             Was a Follower of Uskayaw.
             Killed from afar by a fire dragon (36 damage)
             ... with a blast of flame
             ... on level 6 of the Lair of Beasts on Mar 29, 2018.
             The game lasted 01:14:06 (20170 turns).

Goblin1989 the Dancer (Demonspawn Enchanter)       Turns: 20170, Time: 01:14:09

Health: -5/103     AC: 11    Str: 11    XL:     13   Next: 49%
Magic:  22/22      EV: 18    Int: 17    God:    Uskayaw [*.....]
Gold:   588        SH:  0    Dex: 16    Spells: 8/22 levels left

rFire    . . .     SeeInvis .   a - +8 short sword of Qotwaw {pierce, rN+}
rCold    + . .     Gourm    .   (no shield)
rNeg     + . .     Faith    .   h - +1 troll leather armour
rPois    .         Spirit   .   d - +0 helmet
rElec    .         Reflect  .   W - +1 cloak
rCorr    .         Harm     .   N - +0 pair of gloves
MR       ++...                  V - +0 pair of boots {Stlth+}
Stlth    +++.......             r - amulet of regeneration
HPRegen  1.07/turn              i - ring of protection from magic
MPRegen  0.18/turn              m - ring of protection from magic

@: lethally poisoned (-5 -> -11), about to teleport
A: talons 2, cold resistance 1, spiny 2
a: Stomp, Renounce Religion


You were on level 6 of the Lair of Beasts.
You worshipped Uskayaw.
Uskayaw was pleased with you.
You were not hungry.

You visited 3 branches of the dungeon, and saw 19 of its levels.
You also visited: Ossuary.

You collected 1367 gold pieces.
You spent 779 gold pieces at shops.

Inventory:

Hand Weapons
 a - the +8 short sword of Qotwaw (weapon) {pierce, rN+}
   (You bought it in a shop on level 6 of the Dungeon)

   It inflicts extra damage upon your enemies.
   It protects you from negative energy.
 c - a +2 war axe of venom
 w - a +0 blowgun {@w1}
 x - a +0 hand crossbow
 z - the +1 trident "Sockawuy" {pierce, rElec rPois Dex-2}
   (You found it on level 7 of the Dungeon)

   It inflicts extra damage upon your enemies.
   It affects your dexterity (-2).
   It insulates you from electricity.
   It protects you from poison.
 B - a +0 hunting sling
Missiles
 p - 53 poisoned needles
 q - 400 stones (quivered) {@Q3}
 u - 32 sling bullets
 v - 100 bolts
Armour
 d - a +0 helmet (worn)
 h - a +1 troll leather armour (worn)
 N - a +0 pair of gloves (worn)
 V - a +0 pair of boots of stealth (worn)
 W - a +1 cloak (worn)
Magical Staves
 b - an uncursed staff of wizardry {!a}
Jewellery
 i - a ring of protection from magic (left hand)
 m - a ring of protection from magic (right hand)
 r - an amulet of regeneration (around neck)
 s - an uncursed ring of see invisible
 O - a +4 ring of protection
 Z - a +4 ring of intelligence
Wands
 n - a wand of polymorph (17)
 A - a wand of acid (1)
 E - a wand of enslavement (31)
 H - a wand of flame (26)
 I - a wand of iceblast (18)
 K - a wand of scattershot (6)
 P - a wand of paralysis (18)
Scrolls
 l - 5 scrolls of remove curse {@r2}
 t - 2 scrolls of enchant weapon
 F - 3 scrolls of random uselessness
 G - 5 scrolls of fear
 M - 4 scrolls of magic mapping
 T - 7 scrolls of teleportation {!r, @r3}
 Y - 6 scrolls of fog {unknown}
Potions
 f - a potion of magic
 g - a potion of haste
 j - a potion of brilliance
 k - 2 potions of agility
 o - 7 potions of curing {@q1}
 C - 2 potions of ambrosia
 D - 4 potions of lignification
 J - 4 potions of might
 L - 2 potions of resistance
 Q - 4 potions of flight
 R - 2 potions of heal wounds {@q2, !q}
 S - 2 potions of mutation {!q}
 U - 3 potions of cancellation
 X - 3 potions of berserk rage
Comestibles
 e - 30 rations
 y - 12 chunks of flesh


   Skills:
 + Level 10.1 Fighting
 - Level 12.0 Short Blades
 - Level 5.1 Armour
 + Level 9.0 Dodging
 - Level 2.6 Stealth
 + Level 5.4 Spellcasting
 - Level 3.0 Hexes
 + Level 5.6 Necromancy
 + Level 1.7 Earth Magic
 + Level 12.3 Invocations


You had 8 spell levels left.
You knew the following spells:

 Your Spells              Type           Power        Failure   Level  Hunger
a - Corona                Hex            ##.....      4%          1    None
b - Animate Skeleton      Necr           N/A          1%          1    None
c - Borgnjor's Vile Clut  Necr/Erth      ###.......   71%         5    ######.
d - Death Channel         Necr           ###.......   95%         6    #######
o - Apportation           Tloc           #.....       17%         1    None


Dungeon Overview and Level Annotations

Branches:
Dungeon (11/15)            Temple (0/1) D:6            Lair (6/6) D:9
 Shoals (0/4) Lair:2        Snake (0/4) Lair:3        Slime (0/5) Lair:6
    Orc (2/2) D:9             Elf (0/3) Orc:2

Altars:
Ashenzari
Kikubaaqudgha
Makhleb
Uskayaw
Xom

Shops:
D:6 :[(   D:10 (

Portals:
Trove: D:11 (give book of Dreams)

Annotations:
D:4 exclusion: ogre
D:8 Ventsonge's ghost, novice DDBe
Lair:2 xccam's ghost, journeyman FoFi


Innate Abilities, Weirdness & Mutations

You have razor-sharp toenails.
Your flesh is cold resistant. (rC+)
You are mostly covered in sharp spines.


Message History

What are your orders? t - Shout!
Orders for allies: a - Attack new target. r - Retreat! s - Stop attacking. g - Guard the area. f - Follow me.
Anything else - Cancel.
Gang up on whom?
Press: ? - help, Dir - move target cursor, f - swamp dragon
Aim: a swamp dragon Attack!
Your crocodile skeleton bites the plant!
The swamp dragon bites your crocodile skeleton!
The swamp dragon claws your crocodile skeleton.
The swamp dragon barely misses your crocodile skeleton.
Your spiny frog skeleton hits the swamp dragon!
Your crocodile skeleton bites the swamp dragon!
Some of the chunks of flesh in your inventory have rotted away.
The swamp dragon bites your crocodile skeleton!
The swamp dragon claws your crocodile skeleton.
The swamp dragon tramples your crocodile skeleton.
Your crocodile skeleton holds its ground!
Your spiny frog skeleton hits the swamp dragon.
The swamp dragon bites your crocodile skeleton!
Your crocodile skeleton is destroyed!
Your spiny frog skeleton hits the swamp dragon but does no damage.
The swamp dragon bites your rime drake skeleton!
The swamp dragon claws your rime drake skeleton!
The swamp dragon tramples your rime drake skeleton!
Your rime drake skeleton holds its ground!
Your rime drake skeleton bites the swamp dragon but does no damage.
Your spiny frog skeleton hits the swamp dragon!
The swamp dragon bites your rime drake skeleton!
The swamp dragon claws your rime drake skeleton.
Your rime drake skeleton is destroyed!
Your crocodile skeleton bites the swamp dragon.
Your spiny frog skeleton hits the swamp dragon!
The swamp dragon breathes poison at you.
The blast of poison misses you.
Your crocodile skeleton bites the swamp dragon.
Your spiny frog skeleton hits the swamp dragon.
The swamp dragon dies!
You hear a splash.
The swamp dragon scales are intact enough to wear.
You are engulfed in poison gas.
You are poisoned.
You feel sick.
Your spiny frog skeleton crumbles into dust!
You take 4 damage, and have 99/103 hp.
Unknown command.
You are engulfed in poison gas.
You are more poisoned.
You feel sick.
You take 10 damage, and have 89/103 hp.
Unknown command.
You are engulfed in poison gas.
You are more poisoned.
You feel very sick.
You take 3 damage, and have 86/103 hp.
Unknown command.
You are engulfed in poison gas.
You are more poisoned.
You feel very sick.
You take 7 damage, and have 79/103 hp.
You are engulfed in poison gas.
You are more poisoned.
You feel very sick.
You take 7 damage, and have 72/103 hp.
You are engulfed in poison gas.
You are more poisoned.
You feel very sick.
You take 6 damage, and have 66/103 hp.
You feel very sick.
You take 4 damage, and have 62/103 hp.
You feel very sick.
You take 4 damage, and have 58/103 hp.
You feel very sick.
You take 4 damage, and have 54/103 hp.
You feel very sick.
You take 3 damage, and have 51/103 hp.
You feel very sick.
You take 3 damage, and have 48/103 hp.
You feel very sick.
You take 3 damage, and have 45/103 hp.
You feel very sick.
You take 3 damage, and have 42/103 hp.
You feel very sick.
A fire dragon comes into view.
You take 2 damage, and have 40/103 hp.
You feel very sick.
You take 2 damage, and have 38/103 hp.
You feel very sick.
You take 2 damage, and have 36/103 hp.
You feel very sick.
You take 2 damage, and have 34/103 hp.
You feel very sick.
You take 2 damage, and have 32/103 hp.
Really read
T - 8 scrolls of teleportation {!r, @r3}?
As you read the scroll of teleportation {!r, @r3}, it crumbles to dust.
You feel strangely unstable.
You feel sick. The fire dragon breathes flames at you.
The blast of flame hits the plant.
The plant is destroyed!
The blast of flame hits you!
You die...

♣P.♣≈≈♣♣≈.P♣ ...≈≈≈≈♣
♣♣..≈♣♣P.≈≈♣♣♣≈≈≈≈≈≈♣
♣.≈≈≈♣♣♣..≈Z♣♣.≈≈≈≈.♣
♣♣≈.♣≈.♣...Z)♣♣P≈≈≈≈♣
♣%≈≈♣P.♣..≈♣♣♣.♣≈D≈.♣
♣.%♣♣♣.)♣♣..≈♣♣P...≈♣
♣♣≈≈♣♣...♣..≈≈≈≈≈§.♣
♣♣..♣♣.♣♣♣♣.≈≈≈≈.Z%♣
♣≈..♣♣♣ ♣♣P≈≈≈@.♣♣
≈..P.███ ♣♣♣♣♣♣♣♣
.......█████
..........P█
..........██
..........██
...........█
..........P█ ...
≈.........██ ....█.


You could see a fire dragon and a friendly crocodile skeleton.

Vanquished Creatures
  A dire elephant (Lair:6)
  2 hydras
  2 two-headed ogres (D:9)
  A manticore (Lair:6)
  4 elephants (Lair:4)
  A black mamba (Lair:6)
  A merfolk siren (Lair:2)
  A gargoyle (D:11)
  8 spiny frogs
  4 komodo dragons
  A kobold demonologist (D:10)
  A guardian mummy (D:11)
  4 rime drakes
  4 trolls (D:9)
  The ghost of Mirai the Thaumaturge, a novice DECj (D:6)
  9 polar bears (Lair:6)
  5 hippogriffs
  14 blink frogs
  8 dream sheep
  Sigmund (D:3)
  A wyvern (D:10)
  7 yaks
  A basilisk (Lair:6)
  13 hell hounds (Lair:6)
  11 wargs
  6 water moccasins
  10 porcupines
  2 swamp drakes (Lair:6)
  An ice beast (D:9)
  2 orc warriors
  2 phantoms
  12 black bears
  4 sky beasts
  6 ogres
  27 wolves
  7 centaurs
  9 crocodiles
  2 big kobolds (D:7)
  4 bullfrogs
  A wyvern skeleton (D:10)
  3 scorpions
  A water moccasin skeleton (D:8)
  The ghost of feelmyfire the Insei, a weakling DgTm (D:3)
  5 killer bees (D:9)
  4 wights (D:10)
  An electric eel (Lair:6)
  3 howler monkeys
  2 centaur zombies
  2 crimson imps
  2 bullfrog skeletons
  13 jellies
  5 hounds
  A quasit (D:6)
  14 orc priests
  2 human zombies (Ossuary)
  2 centaur skeletons (D:4)
  An iguana (D:5)
  Ijyb (D:5)
  9 orc wizards
  8 worker ants
  Natasha (thrice) (D:2)
  2 big kobold zombies (Ossuary)
  A hound zombie (D:10)
  A hound skeleton (D:6)
  4 mummies (Ossuary)
  6 gnolls
  9 adders
  3 shadow imps
  An ooze (D:4)
  3 worms
  A dart slug (D:1)
  12 leopard geckos
  36 orcs
  8 bats
  6 giant cockroaches
  10 goblins
  6 hobgoblins
  19 jackals
  6 quokkas
  A ball python (D:2)
  7 frilled lizards
  A goblin zombie (Ossuary)
  A hobgoblin zombie (Ossuary)
  2 jackal skeletons (D:5)
  A jackal zombie (D:6)
  16 kobolds
  A leopard gecko skeleton (D:4)
  A leopard gecko zombie (D:7)
  An orc zombie (Ossuary)
  A quokka skeleton (D:4)
  A quokka zombie (D:6)
  6 rats
458 creatures vanquished.

Vanquished Creatures (collateral kills)
  A hydra (Lair:6)
  A swamp dragon (Lair:6)
  A spiny frog (Lair:6)
  A rime drake (Lair:6)
  A blink frog (Lair:6)
  4 dream sheep
  A basilisk (Lair:6)
  A swamp drake (Lair:6)
  2 hell hounds (Lair:6)
  2 wolves (Lair:6)
  4 jellies (Lair:6)
  2 plants (Lair:6)
21 creatures vanquished.

Vanquished Creatures (others)
  A quokka zombie (D:6)
  3 fungi
  12 plants
16 creatures vanquished.

Grand Total: 495 creatures vanquished

Notes
Turn   | Place    | Note
-------+----------+-------------------------------------------
     0 | D:1      | Goblin1989 the Demonspawn Enchanter began the quest for the Orb.
     0 | D:1      | Reached XP level 1. HP: 13/13 MP: 3/3
    48 | D:1      | Reached skill level 1 in Short Blades
   615 | D:1      | Gained mutation: You have sharp toenails. [demonic ancestry]
   615 | D:1      | Reached XP level 2. HP: 18/19 MP: 3/5
  1324 | D:1      | Reached XP level 3. HP: 20/24 MP: 6/6
  2752 | D:2      | Reached XP level 4. HP: 21/31 MP: 7/7
  2931 | D:2      | Reached skill level 1 in Fighting
  3173 | D:2      | Found a hide-covered altar of Uskayaw.
  3174 | D:2      | Found a shattered altar of Ashenzari.
  3182 | D:2      | Became a worshipper of Uskayaw the Reveler
  3210 | D:2      | Noticed Natasha
  3214 | D:2      | Reached * piety under Uskayaw
  3218 | D:2      | Killed Natasha
  3218 | D:2      | Reached XP level 5. HP: 29/37 MP: 8/8
  3218 | D:2      | Reached ** piety under Uskayaw
  3260 | D:2      | Noticed Natasha
  3267 | D:2      | Reached *** piety under Uskayaw
  3268 | D:2      | Killed Natasha
  3775 | D:2      | Noticed Natasha
  3785 | D:2      | Killed Natasha
  4374 | D:3      | Noticed Sigmund
  4388 | D:3      | Killed Sigmund
  4388 | D:3      | Reached skill level 1 in Invocations
  4388 | D:3      | Reached XP level 6. HP: 34/46 MP: 9/9
  4837 | D:3      | Noticed feelmyfire's ghost (weakling DgTm)
  4850 | D:3      | Killed feelmyfire's ghost
  5149 | D:4      | Reached XP level 7. HP: 27/51 MP: 10/10
  5294 | D:4      | Reached skill level 5 in Short Blades
  5830 | D:4      | Reached **** piety under Uskayaw
  5848 | D:4      | Reached ***** piety under Uskayaw
  6664 | D:5      | Entered Level 5 of the Dungeon
  6827 | D:5      | Gained mutation: You have razor-sharp toenails. [demonic ancestry]
  6827 | D:5      | Reached XP level 8. HP: 44/60 MP: 11/11
  6960 | D:5      | Noticed Ijyb
  6974 | D:5      | Killed Ijyb
  6979 | D:5      | Reached skill level 1 in Armour
  7149 | D:5      | Reached skill level 5 in Invocations
  7961 | D:6      | Noticed Mirai's ghost (novice DECj)
  7981 | D:6      | Found a sand-covered staircase.
  7991 | Ossuary  | Entered an ossuary
  8751 | D:6      | Found Neegosib's Weapon Boutique.
  8810 | D:7      | Reached XP level 9. HP: 66/66 MP: 13/13
  8956 | D:7      | Reached skill level 5 in Dodging
  9079 | D:7      | Reached skill level 5 in Fighting
  9248 | D:7      | Got an ancient trident
 10071 | D:8      | Noticed Ventsonge's ghost (novice DDBe)
 10196 | D:8      | Found a burning altar of Makhleb.
 10710 | D:9      | Identified the cursed +1 trident "Sockawuy" {pierce, rElec rPois Dex-2} (You found it on level 7 of the Dungeon)
 10761 | D:9      | Found a staircase to the Orcish Mines.
 10890 | Orc:1    | Entered Level 1 of the Orcish Mines
 11086 | Orc:2    | Entered Level 2 of the Orcish Mines
 11086 | Orc:2    | Found a staircase to the Elven Halls.
 11086 | Orc:2    | Noticed an orc sorcerer
 11086 | Orc:2    | Noticed a troll
 11098 | Orc:1    | Gained mutation: You are partially covered in sharp spines. [demonic ancestry]
 11098 | Orc:1    | Reached XP level 10. HP: 52/76 MP: 15/15
 11353 | D:9      | Found a staircase to the Lair.
 11354 | D:9      | Noticed a two-headed ogre
 11383 | D:9      | Killed a two-headed ogre
 11527 | D:9      | Noticed a two-headed ogre
 12033 | D:9      | Killed a two-headed ogre
 12033 | D:9      | Reached skill level 5 in Armour
 12486 | D:6      | Found Nirhoel's Book Shop.
 12566 | D:6      | Found a staircase to the Ecumenical Temple.
 12586 | D:6      | Found a shimmering altar of Xom.
 12746 | D:6      | Found Juahob's Armour Boutique.
 12806 | D:6      | Killed Mirai's ghost
 13048 | D:6      | Gained mutation: You are mostly covered in sharp spines. [demonic ancestry]
 13048 | D:6      | Reached XP level 11. HP: 83/83 MP: 17/17
 13164 | D:10     | Entered Level 10 of the Dungeon
 13283 | D:10     | Found an ancient bone altar of Kikubaaqudgha.
 13311 | D:10     | Found Guinui's Weapon Shoppe.
 14048 | D:10     | Reached skill level 10 in Short Blades
 14295 | D:11     | Found a portal to a secret trove of treasure.
 14323 | D:11     | Noticed a reaper
 14667 | D:6      | Bought the +8 short sword of Qotwaw {pierce, rN+} for 779 gold pieces
 14761 | Lair:1   | Entered Level 1 of the Lair of Beasts
 15059 | Lair:1   | Learned a level 1 spell: Animate Skeleton
 15061 | Lair:1   | Learned a level 1 spell: Apportation
 15067 | Lair:1   | Learned a level 5 spell: Borgnjor's Vile Clutch
 15074 | Lair:1   | Learned a level 6 spell: Death Channel
 15434 | Lair:2   | Reached skill level 1 in Necromancy
 15450 | Lair:2   | Reached ****** piety under Uskayaw
 15534 | Lair:2   | Reached skill level 10 in Invocations
 15667 | Lair:2   | Found a staircase to the Shoals.
 15862 | Lair:2   | Noticed xccam's ghost (journeyman FoFi)
 16025 | Lair:3   | Found a staircase to the Snake Pit.
 16032 | Lair:3   | Gained mutation: Your flesh is cold resistant. (rC+) [demonic ancestry]
 16032 | Lair:3   | Reached XP level 12. HP: 93/93 MP: 19/19
 18068 | Lair:5   | Noticed an eight-headed hydra
 18075 | Lair:5   | Killed an eight-headed hydra
 18708 | Lair:6   | Entered Level 6 of the Lair of Beasts
 18861 | Lair:6   | Found a staircase to the Slime Pits.
 18915 | Lair:6   | Noticed a seven-headed hydra
 18926 | Lair:6   | Killed a seven-headed hydra
 19060 | Lair:6   | Noticed a dire elephant
 19066 | Lair:6   | Reached skill level 5 in Necromancy
 19157 | Lair:6   | HP: 3/95 [polar bear (23)]
 19164 | Lair:6   | Killed a dire elephant
 19164 | Lair:6   | Reached XP level 13. HP: 43/101 MP: 21/21
 19252 | Lair:6   | Reached skill level 5 in Spellcasting
 19881 | Lair:6   | Reached skill level 1 in Earth Magic
 19922 | Lair:6   | Reached skill level 10 in Fighting
 20166 | Lair:6   | Noticed a fire dragon
 20170 | Lair:6   | Killed from afar by a fire dragon

Skill      XL: |  1  2  3  4  5  6  7  8  9 10 11 12 13 |
---------------+----------------------------------------+-----
Short Blades   | 1 2 3 4 6 7 8 9 11 12 | 12.0
Dodging        | 2 3 4 5 6 7 8 9 |  9.0
Fighting       | 1 2 3 4 5 6 8 9 10 | 10.1
Invocations    | 1 2 4 5 7 8 10 11 12 | 12.3
Armour         | 2 4 5 |  5.1
Necromancy     | 2 5 |  5.6
Spellcasting   | 4 5 |  5.4
Earth Magic    | 1 |  1.7
Stealth        | |  2.6
Hexes          | |  3.0

Action                   |  1- 3 |  4- 6 |  7- 9 | 10-12 | 13-15 || total
-------------------------+-------+-------+-------+-------+-------++-------
Melee: Dagger            |   125 |    26 |   113 |       |       ||   264
       Kick              |    30 |    24 |       |       |       ||    54
       Short sword       |    28 |   141 |   539 |   839 |   178 ||  1725
 Fire: Hunting sling     |       |       |     3 |       |       ||     3
       Blowgun           |       |       |       |     1 |       ||     1
Throw: Javelin           |    11 |       |     3 |       |       ||    14
       Stone             |     3 |     4 |       |       |       ||     7
 Cast: Corona            |     7 |       |       |       |       ||     7
       Animate Skeleton  |       |       |       |    20 |    27 ||    47
Invok: Stomp             |       |       |       |     4 |       ||     4
       Line Pass         |       |       |       |     1 |       ||     1
Evoke: Wand              |       |       |     1 |     5 |     2 ||     8
  Use: Scroll            |     2 |     1 |    14 |     8 |     4 ||    29
       Potion            |       |       |     1 |     5 |       ||     6
 Stab: Sleeping          |     5 |     6 |    19 |    10 |     2 ||    42
       Paralysed         |       |     3 |    15 |    36 |    13 ||    67
       Distracted        |       |       |     3 |     5 |     1 ||     9
  Eat: Chunk             |     6 |     7 |    16 |    23 |     4 ||    56
       Ration            |       |       |     1 |     1 |       ||     2
Armor: Robe              |    38 |       |       |       |       ||    38
       Leather armour    |     7 |    37 |    21 |       |       ||    65
       Ring mail         |       |       |   134 |    42 |       ||   176
       Skin              |       |       |       |    37 |       ||    37
       Troll leather arm |       |       |       |   155 |    29 ||   184
Dodge: Dodged            |   101 |    88 |   260 |   434 |    83 ||   966

Vault maps used:
D:1:      lemuel_arrival_muddy, minmay_misc_feat_doors
D:2:      grunt_temple_overflow_open, first_ration, uniq_natasha
D:3:      uniq_sigmund
D:5:      uniq_ijyb
D:6:      xom_teletrap_fun, minmay_temple_entry_statues_pillars, serial_shops,
          shop, kennysheep_mini_moat, shop, enter_ossuary_4,
          kennysheep_generic_room_12
D:8:      makhleb_heckhound_becter, trog_eyes_of_draining
D:9:      erik_lair_orcish_takeover, erik_orc_3
D:10:     basic_altar, serial_shops, nicolae_shop_statue_plus
D:11:     nicolae_trove_entry_path_of_doom, blue_anna_alchemist,
          nicolae_two_hexagons, uniq_erica
Lair:1:   infiniplex_staircase_pool
Lair:2:   minmay_shoals_entry_lonely_mermaid, special_room, st_stairs_13
Lair:3:   dummy_snake_entry, serial_bayou_lake_a
Lair:6:   guppyfry_lair_end_dragon, hangedman_lair_caniforms_friends,
          minmay_slime_entry_jelly_boxes, minivault_23, serial_bayou_lagoon_a,
          infiniplex_staircase_pool_2
Orc:1:    mines2_lemuel, uniq_nergalle
Orc:2:    pf_orc_diabolical
Ossuary:  ossuary_crypta
